 Dungeon Crawl Stone Soup version 0.31.0-32-g396128a36d (webtiles) character file.

Game seed: 14454611024126517558

532 PaiMei the Grave Robber (level 7, -1/52 HPs)
             Began as a Demonspawn Necromancer on Apr 3, 2024.
             Succumbed to an orc's poison
             ... on level 7 of the Dungeon.
             The game lasted 00:04:59 (3124 turns).

PaiMei the Grave Robber (Demonspawn Necromancer)    Turns: 3124, Time: 00:04:59

Health: -1/52      AC:  5    Str:  9    XL:     7   Next: 4%
Magic:  2/12       EV: 13    Int: 17    God:
Gold:   95         SH:  0    Dex: 13    Spells: 9/13 levels left

rFire   . . .        w - +2 mace (protect)
rCold   . . .        (no shield)
rNeg    . . .        a - +0 robe
rPois   .            x - +1 hat
rElec   .            (no cloak)
rCorr   .            z - +1 pair of gloves
SInv    .            (no boots)
Will    .....        (no amulet)
Stlth   ++           (no ring)
HPRegen 0.28/turn    (no ring)
MPRegen 0.26/turn

%: no passive effects
@: mighty, lethally poisoned (-1 -> -10), on berserk cooldown, slowed, very slow
A: antennae 2, powered by pain 1, magic regeneration
a: no special abilities


You were on level 7 of the Dungeon.
You visited 1 branch of the dungeon, and saw 5 of its levels.

You collected 95 gold pieces.

Inventory:

Hand Weapons
 c - a +0 short sword
 e - a +2 whip of venom
 w - a +2 mace of protection (weapon)
Missiles
 i - 6 poisoned darts (quivered)
 D - a throwing net
Armour
 a - a +0 robe (worn)
 x - a +1 hat (worn)
 z - a +1 pair of gloves (worn)
Jewellery
 r - the ring of Bodily Harmony {rN+ MP+9 Dex-2 Stlth+}
   (You found it on level 2 of the Dungeon)

   [ring of magical power]

   Dex-2:     It affects your dexterity (-2).
   rN+:       It protects you from negative energy.
   MP+9:      It affects your magic capacity (+9).
   Stlth+:    It makes you more stealthy.
 C - an amulet of regeneration
Wands
 A - a wand of charming (2)
 B - a wand of roots (8)
Scrolls
 d - 2 scrolls of enchant weapon {unknown}
 g - a scroll of silence {unknown}
 h - 3 scrolls of revelation {unknown}
 j - 2 scrolls of torment {unknown}
 k - a scroll of fear {unknown}
 l - 2 scrolls of teleportation {unknown}
 m - a scroll of poison {unknown}
 q - 5 scrolls of identify {unknown}
 y - a scroll of amnesia {unknown}
Potions
 b - a potion of magic
 f - a potion of invisibility {unknown}
 n - a potion of mutation {unknown}
 o - a potion of haste {unknown}
 p - a potion of heal wounds {unknown}
 s - a potion of might
 t - a potion of resistance {unknown}
 u - 4 potions of berserk rage
 v - a potion of curing {unknown}


   Skills:
 + Level 3.0 Fighting
 + Level 3.7 Dodging
 - Level 2.4 Stealth
 + Level 3.8 Spellcasting
 + Level 6.0 Necromancy


You had 9 spell levels left.
You knew the following spells:

 Your Spells              Type           Power      Damage    Failure   Level
a - Necrotise             Necr           92%        1d8       1%          1
b - Vampiric Draining     Necr           23%        2d7       4%          3

Your spell library contained the following spells:

 Spells                   Type           Power      Damage    Failure   Level
 Animate Dead             Necr           23%        N/A       14%         4
 Slow                     Hex            12%        N/A       16%         1
 Curse of Agony           Necr           23%        N/A       36%         5
 Confusing Touch          Hex            3%         N/A       43%         3
 Sigil of Binding         Hex            3%         N/A       43%         3


Dungeon Overview and Level Annotations

Branches:
Dungeon (4/15)
 Temple: D:4-7

Altars:
Cheibriados

Annotations:
D:4 3 runed translucent doors, flammie80's ghost, amateur FoMo


Innate Abilities, Weirdness & Mutations

You have a pair of antennae on your head.
You sometimes gain a little power by taking damage.
You regenerate magic rapidly.


Message History

The orc writhes in agony!
You kill the orc!
The dead are walking!
You feel very sick. The orc barely misses you.
You hit the orc.
The orc is heavily wounded.
You feel extremely sick. The orc hits you but does no damage.
Your orc skeleton completely misses the orc.
The orc hits you but does no damage.
You are more poisoned.
You hit the orc.
You kill the orc!
* * * LOW HITPOINT WARNING * * *
You feel extremely sick.
Your Fighting skill increases to level 3!
There is a lethal amount of poison in your body!
It was a potion of berserk rage.
A red film seems to cover your vision as you go berserk!
You feel yourself moving faster!
You feel mighty!
* * * LOW HITPOINT WARNING * * *
You feel very sick.
You are too berserk!
Unknown command.
You are too berserk!
Unknown command.
You feel a strong urge to attack something.
* * * LOW HITPOINT WARNING * * *
You feel sick.
* * * LOW HITPOINT WARNING * * *
You feel sick.
You feel your anger nearly subside.
You are no longer berserk.
You are exhausted.
You feel yourself slow down.
* * * LOW HITPOINT WARNING * * *
You feel sick.
It was a potion of might.
You feel very mighty all of a sudden.
You die...

##+###+
+...'.#
#...#)#
#._.#.+
#..@#.#
+.Z)))#
##+###+


You could see a friendly orc skeleton.

Vanquished Creatures
  Sigmund (D:4)
  A scorpion (D:4)
  2 hounds (D:4)
  2 orc priests
  An iguana (D:3)
  An orc wizard (D:3)
  4 gnolls (D:4)
  2 adders
  4 dart slugs
  A ribbon worm (D:2)
  6 orcs
  11 ball pythons
  6 endoplasms
  3 giant cockroaches
  7 hobgoblins
  4 jackals (D:2)
  2 quokkas
  4 bats
  5 frilled lizards
  10 goblins
  5 kobolds
  4 rats
86 creatures vanquished.

Vanquished Creatures (collateral kills)
  A ball python (D:1)
  A kobold (D:1)
  2 frilled lizards
4 creatures vanquished.

Grand Total: 90 creatures vanquished

Notes
Turn   | Place    | Note
-------+----------+-------------------------------------------
     0 | D:1      | PaiMei the Demonspawn Necromancer began the quest for the
                  | Orb.
     0 | D:1      | Reached XP level 1. HP: 13/13 MP: 3/3
   207 | D:1      | Gained mutation: You have a pair of small antennae on your
                  | head. [demonic ancestry]
   207 | D:1      | Reached XP level 2. HP: 16/19 MP: 0/5
   853 | D:2      | Gained mutation: You have a pair of antennae on your head.
                  | [demonic ancestry]
   853 | D:2      | Reached XP level 3. HP: 23/24 MP: 0/6
   958 | D:2      | Identified the ring of Bodily Harmony {rN+ MP+9 Dex-2
                  | Stlth+}
  1782 | D:3      | Gained mutation: You regenerate magic rapidly. [demonic
                  | ancestry]
  1782 | D:3      | Reached XP level 4. HP: 31/31 MP: 4/7
  1922 | D:3      | Reached skill level 1 in Fighting
  1922 | D:3      | Reached skill level 5 in Necromancy
  2076 | D:3      | Learned a level 3 spell: Vampiric Draining
  2197 | D:3      | Reached XP level 5. HP: 29/37 MP: 2/9
  2596 | D:4      | Found a runed translucent gate.
  2684 | D:4      | Gained mutation: You sometimes gain a little power by
                  | taking damage. [demonic ancestry]
  2684 | D:4      | Reached XP level 6. HP: 44/44 MP: 0/10
  2823 | D:4      | Noticed Sigmund
  2836 | D:4      | Killed Sigmund
  3059 | D:4      | Noticed flammie80's ghost (amateur FoMo)
  3067 | D:4      | Found a runed translucent gate.
  3068 | D:4      | Found a runed translucent gate.
  3102 | D:4      | You fall into a shaft and drop 3 floors!
  3102 | D:7      | Found a snail-covered altar of Cheibriados.
  3110 | D:7      | Reached skill level 6 in Necromancy
  3110 | D:7      | Reached XP level 7. HP: 49/51 MP: 0/12
  3123 | D:7      | HP: 2/52 [poisoned by an orc]
  3124 | D:7      | Succumbed to an orc's poison

Illustrated notes

Levels and vault maps discovered:
D:1:      shiori_shiawase, layout_basic
D:2:      layout_rooms
D:3:      layout_basic
D:4:      layout_rooms, gammafunk_ghost_split, minmay_splitting_lines,
          uniq_natasha, uniq_sigmund
D:7:      layout_cave_pools, nicolae_overflow_hidden_temple,
          grunt_dithmenos_smoke, nicolae_uskayaw_suspiria,
          mainiacjoe_overflow_24_doors, minmay_temple_entry_mist,
          grunt_livestock, dreamdust_princess_bridge, st_stairs_1

Skill      XL: |  1  2  3  4  5  6  7 |
---------------+----------------------+-----
Stealth        | 2 |  2.4
Dodging        | 2 3 |  3.7
Fighting       | 1 2 3 |  3.0
Necromancy     | 5 6 |  6.0
Spellcasting   | 3 |  3.8

Action                     |  1- 3 |  4- 6 |  7- 9 || total
---------------------------+-------+-------+-------++-------
  Melee: Whip              |    32 |       |       ||    32
         Short sword       |     3 |       |       ||     3
         Mace              |       |    36 |     6 ||    42
   Cast: Necrotise         |    74 |    48 |     2 ||   124
         Vampiric Draining |       |    17 |       ||    17
    Use: Potion            |       |       |     2 ||     2
 Armour: Robe              |    29 |    34 |    11 ||    74
  Dodge: Dodged            |    32 |    39 |     5 ||    76
